 Dungeon Crawl Stone Soup version 0.28.0-53-g5a82cb258f (webtiles) character file.

Game seed: 9342945243181781331

78 LynnLen the Sneak (level 4, 0/30 HPs)
             Began as a Vampire Enchanter on Aug 2, 2022.
             Slain by a worm (10 damage)
             ... on level 2 of the Dungeon.
             The game lasted 00:04:44 (1422 turns).

LynnLen the Sneak (Vampire Enchanter)               Turns: 1422, Time: 00:04:45

Health: 0/30       AC:  3    Str:  7    XL:     4   Next: 15%
Magic:  7/7        EV: 12    Int: 17    God:
Gold:   63         SH:  3    Dex: 16    Spells: 1/7 levels left

rFire   . . .      SeeInvis +   i - +1 dagger (vamp)
rCold   . . .      Faith    .   h - +0 buckler
rNeg    . . .      Spirit   .   b - +0 robe
rPois   .          Reflect  .   (no helmet)
rElec   .          Harm     .   f - +0 cloak
rCorr   .          Rampage  .   (no gloves)
Will    .....                   (no boots)
Stlth   +++.......              (no amulet)
HPRegen 0.30/turn               (no ring)
MPRegen 0.10/turn               (no ring)

@: healing quickly
A: alive, fangs 3, see invisible, vampiric 2
a: Exsanguinate


You were on level 2 of the Dungeon.
You visited 1 branch of the dungeon, and saw 2 of its levels.

You collected 63 gold pieces.

Inventory:

Hand Weapons
 a - a +1 dagger
 i - a +1 vampiric dagger (weapon)
Armour
 b - a +0 robe (worn)
 f - a +0 cloak (worn)
 h - a +0 buckler (worn)
Scrolls
 j - a scroll of holy word {unknown}
Potions
 c - 2 potions of invisibility
 d - a potion of mutation


   Skills:
 * Level 3.0 Short Blades
 * Level 3.2 Dodging
 + Level 5.3 Stealth
 - Level 2.0 Spellcasting
 - Level 4.4 Hexes


You had one spell level left.
You knew the following spells:

 Your Spells              Type           Power      Damage    Failure   Level
a - Confusing Touch       Hex            16%        N/A       13%         3
b - Tukima's Dance        Hex            16%        N/A       13%         3

Your spell library contained the following spells:

 Spells                   Type           Power      Damage    Failure   Level
 Apportation              Tloc           2%         N/A       26%         1
 Ensorcelled Hibernation  Hex/Ice        18%        N/A       16%         2
 Dazzling Flash           Conj/Hex       18%        N/A       32%         3
 Alistair's Intoxication  Tmut/Pois      0%         N/A       100%        5


Dungeon Overview and Level Annotations

Branches:
Dungeon (2/15)

Altars:

Shops:
D:1 =


Innate Abilities, Weirdness & Mutations

Your natural rate of healing is accelerated.
You have razor-sharp teeth.
You have supernaturally acute eyesight. (SInv)
You are afflicted with vampirism and can become a bat while bloodless.


Message History

You hit the adder.
The adder is severely wounded.
The adder barely misses you.
You hit the adder.
The adder is almost dead.
You block the adder's attack.
You closely miss the adder. Your bite misses the adder.
The adder is almost dead.
The adder bites you.
You are poisoned.
The adder poisons you!
You hit the adder.
The adder is almost dead.
You feel sick. The adder bites you but does no damage.
You hit the adder but do no damage. Your bite misses the adder.
The adder is almost dead.
You feel sick. The adder misses you. The adder barely misses you.
You hit the adder.
You kill the adder!
You feel sick.
Your Short Blades skill increases to level 3!
You hit the worm.
You feel better.
The worm is lightly wounded.
You feel sick.
You barely miss the worm. You bite the worm.
The worm is moderately wounded.
You feel sick. The worm bites you.
You hit the worm.
You feel better.
Your bite misses the worm.
The worm is moderately wounded.
You feel sick.
You hit the worm.
You feel better.
You bite the worm.
The worm is severely wounded.
You feel sick.
You are no longer poisoned.
The worm bites you!
* * * LOW HITPOINT WARNING * * *
You hit the worm.
You feel better.
The worm is severely wounded.
The worm bites you!
You die...

..# #
#######.##.####
g.(........w...
#######.##.####
#..#.# ##.#.# #.#.#
#w#.# #@#.# #.#.#
#...#
#################..#
............†..>..>#
####################
############
...........#


You could see a worm.

Vanquished Creatures
  An adder (D:2)
  4 gnolls
  4 ball pythons (D:1)
  4 endoplasms
  4 goblins (D:1)
  4 hobgoblins (D:1)
  2 jackals (D:1)
  3 bats
  3 frilled lizards
  2 kobolds
  3 rats
34 creatures vanquished.

Vanquished Creatures (others)
  14 plants (D:1)
14 creatures vanquished.

Grand Total: 48 creatures vanquished

Notes
Turn   | Place    | Note
-------+----------+-------------------------------------------
     0 | D:1      | LynnLen the Vampire Enchanter began the quest for the Orb.
     0 | D:1      | Reached XP level 1. HP: 13/13 MP: 3/3
   161 | D:1      | Found Ohusu's Jewellery Emporium.
   323 | D:1      | Reached XP level 2. HP: 19/19 MP: 5/5
   488 | D:1      | Reached skill level 5 in Stealth
   718 | D:1      | Gained mutation: You are afflicted with vampirism and can
                  | become a bat while bloodless. [Vampire growth]
   718 | D:1      | Reached XP level 3. HP: 24/24 MP: 6/6
   733 | D:1      | Learned a level 3 spell: Confusing Touch
   737 | D:1      | Learned a level 3 spell: Tukima's Dance
  1309 | D:2      | Reached XP level 4. HP: 16/30 MP: 2/7
  1422 | D:2      | Slain by a worm

Illustrated notes

Levels and vault maps discovered:
D:1:      lightli_arrival_farm, layout_rooms, serial_shops, shop,
          chequers_garden, minivault_19
D:2:      layout_basic, uniq_jessica

Skill      XL: |  1  2  3  4 |
---------------+-------------+-----
Short Blades   | 2 3 |  3.0
Stealth        | 5 |  5.3
Dodging        | 3 |  3.2
Spellcasting   | |  2.0
Hexes          | |  4.4

Action                   |  1- 3 |  4- 6 || total
-------------------------+-------+-------++-------
Melee: Dagger            |   142 |    21 ||   163
       Bite              |    21 |     3 ||    24
 Cast: Confusing Touch   |     2 |       ||     2
  Use: Scroll            |     2 |       ||     2
 Stab: Sleeping          |     5 |       ||     5
       Confused          |     1 |       ||     1
Armor: Robe              |    21 |     1 ||    22
Dodge: Dodged            |    86 |     9 ||    95
Block: Buckler           |    23 |     1 ||    24
